 Dungeon Crawl Stone Soup version 0.22.1-2-g9c5b331 (webtiles) character file.

256 Monzz the Chopper (level 6, -2/55 HPs)
             Began as a Hill Orc Monk on Dec 16, 2018.
             Killed from afar by an orc wizard (6 damage)
             ... with a magic dart
             ... on level 3 of the Dungeon.
             The game lasted 00:08:36 (3349 turns).

Monzz the Chopper (Hill Orc Monk)                   Turns: 3349, Time: 00:08:37

Health: -2/55      AC:  8    Str: 16    XL:     6   Next: 16%
Magic:  6/6        EV:  8    Int: 15    God:
Gold:   109        SH:  0    Dex: 13    Spells: 5/5 levels left

rFire    . . .     SeeInvis .   a - +0 hand axe
rCold    . . .     Gourm    .   (no shield)
rNeg     . . .     Faith    .   k - +0 chain mail
rPois    .         Spirit   .   (no helmet)
rElec    .         Reflect  .   (no cloak)
rCorr    .         Harm     .   (no gloves)
MR       .....                  (no boots)
Stlth    ..........             (no amulet)
HPRegen  0.18/turn              (no ring)
MPRegen  0.10/turn              (no ring)

@: brilliant
A: no striking features
a: no special abilities


You were on level 3 of the Dungeon.
You were not hungry.

You visited 1 branch of the dungeon, and saw 3 of its levels.

You collected 109 gold pieces.

Inventory:

Hand Weapons
 a - a +0 hand axe (weapon)
Armour
 k - a +0 chain mail (worn)
Scrolls
 b - a scroll of identify
 g - a scroll of remove curse
 j - 2 scrolls of immolation
Comestibles
 c - 7 rations
 d - a chunk of flesh


   Skills:
 + Level 4.8 Fighting
 + Level 6.7 Axes
 + Level 1.3 Armour
 + Level 3.2 Dodging
 + Level 2.1 Stealth


You had 5 spell levels left.
You didn't know any spells.
Your spell library was empty.

Dungeon Overview and Level Annotations

Branches:
Dungeon (3/15)

Altars:

Annotations:
D:3 Natasha


Message History

You hit the orc warrior but do no damage.
The orc warrior is lightly wounded.
The orc wizard casts a spell.
The orc wizard seems to speed up.
The orc warrior hits you with a war axe.
* * * LOW HITPOINT WARNING * * *
You slash the orc warrior!
The orc warrior is moderately wounded.
You hit the orc warrior but do no damage.
The orc warrior is moderately wounded.
The orc warrior hits you with a war axe!
* * * LOW HITPOINT WARNING * * *
The orc wizard mumbles some strange words.
The orc wizard blinks!
The orc wizard casts a spell.
The orc wizard blinks!
You see here a ball python corpse.
The orc wizard gestures at you while chanting.
The magic dart hits you!
You die...

.##.# #.....##########.# #
.##.# ##...........<...# #
.##.## ##..############# ####
.....#######..# #...
###.#.........# ####.#.
#..#######.## #....#. ###.##
#.# #.#..#. ....# ##.#######
#.#.... ##### #.....@..#
#.#.#.. #..#####o# #...#.#
#######..#####.############.#
#...........##o........# #.#
#.#####..##.##..######.# #.#
##...#.##..# #.# #.#
#.##......##..######.# #.# #
#.###.........ยง..o##.# #.. #
##.# ##.######.###.##.# ###


You could see an orc wizard.

Vanquished Creatures
  A bullfrog (D:3)
  Terence (D:2)
  Natasha (D:3)
  3 gnolls (D:2)
  3 adders (D:2)
  An ooze (D:1)
  2 worms (D:2)
  A dart slug (D:1)
  4 leopard geckos
  2 orcs (D:3)
  3 bats
  2 giant cockroaches
  9 goblins
  11 hobgoblins
  6 jackals
  2 quokkas
  5 ball pythons
  5 frilled lizards
  3 kobolds
  3 rats
68 creatures vanquished.

Notes
Turn   | Place    | Note
-------+----------+-------------------------------------------
     0 | D:1      | Monzz the Hill Orc Monk began the quest for the Orb.
     0 | D:1      | Reached XP level 1. HP: 19/19 MP: 1/1
    81 | D:1      | Reached XP level 2. HP: 14/27 MP: 2/2
   436 | D:1      | Reached XP level 3. HP: 27/33 MP: 3/3
   689 | D:2      | Reached skill level 5 in Axes
   796 | D:2      | Reached XP level 4. HP: 21/40 MP: 4/4
  1907 | D:2      | Reached XP level 5. HP: 18/47 MP: 5/5
  2173 | D:2      | Noticed Terence
  2182 | D:2      | Killed Terence
  2182 | D:2      | Reached skill level 6 in Axes
  2454 | D:3      | Reached skill level 1 in Armour
  2787 | D:3      | Reached XP level 6. HP: 47/53 MP: 6/6
  3014 | D:3      | Noticed Natasha
  3029 | D:3      | Killed Natasha
  3053 | D:3      | Noticed an orc warrior
  3071 | D:3      | Noticed Natasha
  3332 | D:3      | HP: 1/55 [orc warrior/war axe (19)]
  3349 | D:3      | Killed from afar by an orc wizard

Skill      XL: |  1  2  3  4  5 |
---------------+----------------+-----
Fighting       | 4 |  4.8
Axes           | 5 6 |  6.7
Stealth        | 2 |  2.1
Dodging        | 3 |  3.2
Armour         | 1 |  1.3

Action                   |  1- 3 |  4- 6 || total
-------------------------+-------+-------++-------
Melee: Hand axe          |    99 |   219 ||   318
  Use: Scroll            |     6 |     3 ||     9
       Potion            |       |     3 ||     3
 Stab: Sleeping          |     2 |       ||     2
  Eat: Chunk             |       |     8 ||     8
Armor: Robe              |    12 |     8 ||    20
       Chain mail        |       |    63 ||    63
Dodge: Dodged            |    59 |    96 ||   155
